[Event "Team 45 45 League T29"]
[Site "Internet Chess Club"]
[Date "2005.12.24"]
[Round "2"]
[White "az2112"]
[Black "nursey"]
[Result "1-0"]
[WhiteElo "1618"]
[BlackElo "1628"]
[TimeControl "2700+45"]

1. d4 d5 2. c4 e6 3. Nf3 Nf6 4. Bg5 Be7 5. Nc3 O-O 6. e3 h6 7. Bh4 b6 8. cxd5
exd5 9. h3 c5 10. Be2 Re8 11. O-O Nc6 12. Rc1 Be6 13. Qa4 Rc8 14. Bb5 Qd7 15.
Ne5 Qc7 16. Nxc6 Ra8 17. Nxe7+ Rxe7 18. Bxf6 gxf6 19. dxc5 bxc5 20. Qh4 a6 21.
Be2 Rb8 22. Qxf6 Rxb2 23. Nxd5 Bxd5 24. Qxb2 Qc6 25. Qb8+ Re8 26. Qg3+ Kh8 27.
Bf3 Bxf3 28. Qxf3 Qxf3 29. gxf3 Rg8+ 30. Kh2 Rc8 31. Rc4 Kg7 32. Rfc1 {Black
resigns} 1-0  aics%

[Event "Team 45 45 League T29"]
[Site "Internet Chess Club"]
[Date "2005.12.29"]
[Round "2"]
[White "MiroslavR"]
[Black "Zornorph"]
[Result "1/2-1/2"]
[WhiteElo "1980"]
[BlackElo "1958"]
[TimeControl "2700+45"]

1. e4 e5 2. Nf3 Nc6 3. Bb5 d6 4. d4 Nf6 5. dxe5 Nxe4 6. Qd5 Nc5 7. Ng5 Ne6 8.
Nxe6 Bxe6 9. Bxc6+ bxc6 10. Qxc6+ Bd7 11. Qe4 Be6 12. Bg5 Qc8 13. Nc3 Rb8 14. b3
h6 15. Qh4 dxe5 16. O-O-O Ba3+ 17. Kb1 O-O 18. Bxh6 gxh6 19. Qxh6 Rd8 20. Ne4
Be7 21. Nf6+ Bxf6 22. Qxf6 c5 23. h4 c4 24. h5 cxb3 25. axb3 Bxb3 26. Rxd8+ Qxd8
27. Qxd8+ Rxd8 28. cxb3 Rd2 29. Rf1 f5 30. g3 Re2 31. f3 Rg2 32. g4 fxg4 33.
fxg4 Rxg4 34. Rf5 a5 35. Rxe5 a4 36. bxa4 Rxa4 37. Kc2 Kh7 {Game drawn by mutual
agreement} 1/2-1/2  aics%

[Event "Team 45 45 League T29"]
[Site "Internet Chess Club"]
[Date "2005.12.31"]
[Round "2"]
[White "Knight77"]
[Black "TheBogNug"]
[Result "0-1"]
[WhiteElo "1781"]
[BlackElo "1891"]
[TimeControl "2700+45"]

1. Nf3 g6 2. g3 Bg7 3. Bg2 Nf6 4. O-O O-O 5. d3 d5 6. Nbd2 c5 7. e4 e6 8. Re1
Nc6 9. c3 b5 10. e5 Nd7 11. d4 Qb6 12. Nf1 Ba6 13. g4 b4 14. Ng3 Rab8 15. Bf4
bxc3 16. bxc3 Qb2 17. Ng5 Bc4 18. h4 cxd4 19. cxd4 Qxd4 20. Qxd4 Nxd4 21. Red1
Nc6 22. Rac1 Ndxe5 23. Bf1 Bxf1 24. Rxc6 Nxc6 25. Bxb8 Rxb8 26. Kxf1 Ne5 27. f3
h6 28. Nh3 Nxf3 29. h5 Nh2+ {White resigns} 0-1  aics%

[Event "Team 45 45 League T29"]
[Site "Internet Chess Club"]
[Date "2005.12.28"]
[Round "2"]
[White "jacknor"]
[Black "tgralex"]
[Result "1/2-1/2"]
[WhiteElo "1593"]
[BlackElo "1800"]
[TimeControl "2700+45"]

1. Nf3 Nc6 2. d4 d5 3. Bf4 Nf6 4. Nbd2 Bg4 5. h3 Bh5 6. e3 Nd7 7. c3 e5 8. dxe5
Ndxe5 9. Be2 Bd6 10. Nd4 Nd3+ 11. Kf1 Bxe2+ 12. Qxe2 Nxb2 13. Bxd6 Qxd6 14. Qb5
Nc4 15. Nxc4 dxc4 16. Qxb7 O-O 17. Qxc6 Qa3 18. Qxc4 Rab8 19. g3 c5 20. Nb3 Qb2
21. Kg2 Rfe8 22. Rhe1 Rb6 23. Kg1 Qc2 24. Qxc5 Rh6 25. Nd4 Qe4 26. Qf5 Qa8 27.
Rf1 a6 28. Qf3 Qc8 29. Rac1 Qxh3 30. Qg2 Qd7 31. c4 Rg6 32. c5 h5 33. Nf3 Re4
34. Rfd1 Qc6 35. Qh3 h4 36. Nxh4 Rxh4 37. Qxh4 Rh6 38. Rd3 Rxh4 39. gxh4 Qg6+
40. Kh2 Qxd3 41. c6 Qd8 42. c7 Qc8 43. f4 Kf8 44. e4 Ke7 45. Kg3 f6 46. e5 fxe5
47. fxe5 g6 48. Kf4 Qf5+ 49. Ke3 Qxe5+ 50. Kd2 Qf4+ 51. Kd1 Qd4+ 52. Kc2 Qa4+
53. Kb1 Qb4+ 54. Ka1 Qd4+ 55. Kb1 {Game drawn by mutual agreement} 1/2-1/2 
aics%

[Event "Team 45 45 League T29"]
[Site "Internet Chess Club"]
[Date "2005.12.26"]
[Round "2"]
[White "tammany"]
[Black "ValueBet"]
[Result "1-0"]
[WhiteElo "1567"]
[BlackElo "1523"]
[TimeControl "2700+45"]

1. e4 c5 2. c3 Nf6 3. e5 Nd5 4. d4 cxd4 5. cxd4 d6 6. Nf3 Nc6 7. Nc3 dxe5 8.
dxe5 Nxc3 9. Qxd8+ Kxd8 10. bxc3 e6 11. Bg5+ Be7 12. Rd1+ Kc7 13. Bb5 Bxg5 14.
Nxg5 Nxe5 15. f4 h6 16. Nxe6+ Bxe6 17. fxe5 Bxa2 18. O-O Rhd8 19. Be2 Rxd1 20.
Rxd1 Re8 21. Ra1 Rxe5 22. Rxa2 Re3 23. c4 a6 24. Bf3 Rc3 25. Rb2 b6 26. Bd5 f6
27. Re2 Kd6 28. Re6+ Kc5 29. Rc6+ {Black resigns} 1-0  aics%

[Event "Team 45 45 League T29"]
[Site "Internet Chess Club"]
[Date "2006.01.03"]
[Round "2"]
[White "Hesperus"]
[Black "f5"]
[Result "0-1"]
[WhiteElo "1931"]
[BlackElo "2299"]
[TimeControl "2700+45"]

1. e4 c5 2. Nf3 Nc6 3. d4 cxd4 4. Nxd4 Nf6 5. Nc3 e5 6. Nb3 Bb4 7. Bd3 d5 8.
exd5 Nxd5 9. Bd2 Nxc3 10. bxc3 Bd6 11. O-O O-O 12. f4 exf4 13. Bxf4 {White
resigns} 0-1  aics%

[Event "Team 45 45 League T29"]
[Site "Internet Chess Club"]
[Date "2006.01.03"]
[Round "2"]
[White "MiroslavR"]
[Black "fileman"]
[Result "1-0"]
[WhiteElo "1992"]
[BlackElo "1880"]
[TimeControl "2700+45"]

1. e4 Nc6 2. Nf3 d6 3. d4 Nf6 4. Nc3 Bg4 5. Bb5 a6 6. Ba4 b5 7. Bb3 e6 8. Be3
Be7 9. O-O O-O 10. a3 h6 11. Qd3 e5 12. Rad1 exd4 13. Bxd4 Nxd4 14. Qxd4 Nd7 15.
Bd5 Bxf3 16. gxf3 Bg5 17. Bxa8 Ne5 18. Qxe5 dxe5 19. Rxd8 Rxd8 {Black resigns}
1-0  aics%

[Event "Team 45 45 League T29"]
[Site "Internet Chess Club"]
[Date "2005.12.27"]
[Round "2"]
[White "Malcolm"]
[Black "Gandalf"]
[Result "0-1"]
[WhiteElo "1803"]
[BlackElo "1914"]
[TimeControl "2700+45"]

1. Nc3 c6 2. e4 d5 3. Qf3 dxe4 4. Nxe4 Nd7 5. d4 Ngf6 6. Bd3 Nxe4 7. Qxe4 Nf6 8.
Qh4 Qd5 9. c4 Qxg2 10. Be2 Qxh1 11. Qg3 Qe4 12. Be3 Qg6 13. Qc7 Qxg1+ 14. Bf1 e6
15. O-O-O Be7 16. h4 Qg4 17. Re1 Bd7 18. Bg5 Qxd4 19. Rd1 Qb6 20. Qf4 Rd8 21.
Be2 h6 22. Rg1 Qc5 23. Bxf6 Bxf6 {White resigns} 0-1  aics%

[Event "Team 45 45 League T29"]
[Site "Internet Chess Club"]
[Date "2005.12.29"]
[Round "2"]
[White "ChessJunior"]
[Black "LoseOften"]
[Result "0-1"]
[WhiteElo "1764"]
[BlackElo "1770"]
[TimeControl "2700+45"]

1. e4 c5 2. Nf3 d6 3. d4 cxd4 4. Nxd4 Nf6 5. Nc3 a6 6. f4 e5 7. Nf3 Nbd7 8. a4
Be7 9. Bc4 Qc7 10. Qe2 O-O 11. O-O exf4 12. Bxf4 Qb6+ 13. Kh1 Qxb2 14. Qd2 Qb4
15. Bd3 b6 16. Nd5 Nxd5 17. exd5 Qxd2 18. Nxd2 Bb7 19. c4 Ne5 20. Bxe5 dxe5 21.
Rfe1 f6 22. Rab1 Bc5 23. Ne4 Bd4 24. Rec1 Rac8 25. Nd6 Rc7 26. Bf5 g6 27. Be6+
Kg7 28. Nxb7 Rxb7 29. a5 Rfb8 30. d6 bxa5 31. Rxb7+ Rxb7 32. c5 Bxc5 33. d7 Be7
34. g4 a4 35. h4 a3 36. g5 fxg5 37. hxg5 Bxg5 38. Rf1 Rb2 39. Ra1 Rb6 40. Bg4 h5
41. Bh3 Rb3 42. Be6 Rd3 43. Kg2 Kf8 44. Rb1 Ke7 45. Bh3 Rxh3 46. d8=Q+ Kxd8 47.
Kxh3 Be7 48. Rb6 g5 49. Rxa6 Kd7 50. Ra5 Ke6 51. Kg3 Kf5 52. Ra7 Bd6 53. Ra6 Ke6
54. Kf3 g4+ 55. Kg2 e4 56. Ra4 Kd5 57. Kf1 h4 58. Ra5+ Bc5 59. Ra8 h3 60. Rd8+
Bd6 61. Ra8 g3 62. Ra5+ Bc5 {White resigns} 0-1  aics%

[Event "Team 45 45 League T29"]
[Site "Internet Chess Club"]
[Date "2005.12.31"]
[Round "2"]
[White "searchforbobby1"]
[Black "MoneyGame"]
[Result "0-1"]
[WhiteElo "2160"]
[BlackElo "2369"]
[TimeControl "2700+45"]

1. e4 c5 2. c3 Nf6 3. e5 Nd5 4. d4 cxd4 5. cxd4 d6 6. Nf3 Bg4 7. Bc4 e6 8. Qb3
Nb6 9. Bb5+ Nc6 10. Bf4 Be7 11. O-O O-O 12. Nbd2 d5 13. Qe3 Bf5 14. a3 Rc8 15.
Bxc6 Rxc6 16. Bg5 f6 17. exf6 Bxf6 18. Bxf6 Qxf6 19. Rfc1 Rfc8 20. Rxc6 Rxc6 21.
Ne5 Rc2 22. b3 h6 23. Ndf3 Qe7 24. g4 Be4 25. Nd2 Qh4 26. Nxe4 dxe4 27. Qf4 Qf6
28. Qxf6 gxf6 29. Ng6 Nd5 30. h4 Kf7 31. h5 e3 32. fxe3 Nxe3 33. Re1 Nxg4 34. d5
e5 35. Rd1 Rc7 36. Rd3 f5 {White forfeits on time} 0-1  aics%

[Event "Team 45 45 League T29"]
[Site "Internet Chess Club"]
[Date "2005.12.28"]
[Round "2"]
[White "PaulKaspar"]
[Black "garethn"]
[Result "1-0"]
[WhiteElo "1918"]
[BlackElo "1749"]
[TimeControl "2700+45"]

1. e4 e5 2. Nf3 Nc6 3. Bb5 a6 4. Ba4 Nf6 5. O-O Nxe4 6. Re1 Nc5 7. Bxc6 dxc6 8.
Nxe5 Be7 9. d4 Nd7 10. Qe2 Nf6 11. c3 Be6 12. Bg5 O-O 13. Nxf7 Bxf7 14. Qxe7
Qxe7 15. Rxe7 Rae8 16. Bxf6 gxf6 17. Re3 f5 18. Nd2 f4 19. Ree1 c5 20. dxc5
Rxe1+ 21. Rxe1 Bxa2 22. b4 Rd8 23. Ne4 Kf7 24. g3 fxg3 25. hxg3 Rd3 26. Re3 Rd1+
27. Kg2 Bd5 28. Kf3 Rc1 29. Rd3 Bc6 30. Kf4 Rc2 31. f3 Re2 32. Re3 Rxe3 33. Kxe3
Bxe4 34. Kxe4 b6 35. cxb6 cxb6 36. Kd5 Ke7 37. Kc6 a5 38. bxa5 bxa5 39. Kb5
{Black resigns} 1-0  aics%

[Event "Team 45 45 League T29"]
[Site "Internet Chess Club"]
[Date "2005.12.23"]
[Round "2"]
[White "mike0897"]
[Black "viking99"]
[Result "0-1"]
[WhiteElo "1774"]
[BlackElo "1841"]
[TimeControl "2700+45"]

1. e4 e6 2. d3 d5 3. Nd2 Bb4 4. c3 Be7 5. e5 c5 6. Qg4 g6 7. Nb3 Nc6 8. Nf3 Qc7
9. Bf4 Bd7 10. Be2 h5 11. Qg3 O-O-O 12. h4 Nh6 13. Bg5 Nf5 14. Qf4 Bxg5 15. Qxg5
Nxe5 16. Nxe5 Qxe5 17. Nxc5 f6 18. Qd2 d4 19. Rc1 Bc6 20. Ne4 Rhf8 21. cxd4 Nxd4
22. f4 Qd5 23. b3 Nxe2 24. Kxe2 Qf5 25. g3 Kb8 26. Qe3 Bxe4 27. dxe4 Qg4+ 28.
Kf2 g5 29. hxg5 fxg5 30. Kg2 gxf4 31. Qf3 Rd2+ {White resigns} 0-1  aics%

[Event "Team 45 45 League T29"]
[Site "Internet Chess Club"]
[Date "2005.12.22"]
[Round "2"]
[White "NotSoGreat"]
[Black "achessman"]
[Result "1-0"]
[WhiteElo "2121"]
[BlackElo "2043"]
[TimeControl "2700+45"]

1. e4 e5 2. Nf3 Nf6 3. Nxe5 d6 4. Nf3 Nxe4 5. d4 d5 6. Bd3 Nc6 7. O-O Be7 8. c4
Nb4 9. Be2 O-O 10. Nc3 Bf5 11. a3 Nxc3 12. bxc3 Nc6 13. Re1 Rc8 14. Bf4 Na5 15.
cxd5 Qxd5 16. c4 Qe4 17. Bg3 Rfe8 18. d5 Qc2 19. Qxc2 Bxc2 20. Nd4 Bg6 21. Bg4
Bc5 22. Bxc8 Rxc8 23. Nb5 c6 24. d6 Kf8 25. d7 Rd8 26. Nc7 Be7 27. Bh4 Rxd7 28.
Rad1 Rxc7 29. Bxe7+ {Black resigns} 1-0  aics%

[Event "Team 45 45 League T29"]
[Site "Internet Chess Club"]
[Date "2005.12.27"]
[Round "2"]
[White "Nomad"]
[Black "billarvola"]
[Result "0-1"]
[WhiteElo "1966"]
[BlackElo "2036"]
[TimeControl "2700+45"]

1. e4 e5 2. Nf3 Nc6 3. Bb5 a6 4. Ba4 Nf6 5. O-O Be7 6. Re1 b5 7. Bb3 d6 8. c3
O-O 9. d4 Bg4 10. d5 Na5 11. Bc2 c6 12. dxc6 Qc7 13. h3 Bc8 14. Nbd2 Qxc6 15.
Nf1 h6 16. Ng3 Re8 17. Qd3 Bf8 18. a4 Be6 19. axb5 axb5 20. Qe2 Nb3 21. Rxa8
Nxc1 22. Rxc1 Rxa8 23. Bd3 b4 24. Bb5 Qc7 25. c4 Nd7 26. b3 Nc5 27. Qc2 Ra3 28.
Nd2 Qa7 29. Rb1 Ra2 30. Rb2 Rxb2 31. Qxb2 Nd3 32. Qb1 Qxf2+ 33. Kh2 Nf4 34. Qf1
Qxd2 35. Nf5 Bxf5 36. exf5 Qe2 37. Qxe2 Nxe2 38. g4 Nd4 39. Ba4 d5 40. cxd5 Bc5
41. Kg2 Kf8 42. Kf1 Ke7 {White resigns} 0-1  aics%

[Event "Team 45 45 League T29"]
[Site "Internet Chess Club"]
[Date "2005.12.25"]
[Round "2"]
[White "Squaredance"]
[Black "kabindra"]
[Result "1-0"]
[WhiteElo "1937"]
[BlackElo "1760"]
[TimeControl "2700+45"]

1. d4 d5 2. Nf3 Nc6 3. c4 Bf5 4. e3 Nf6 5. Nc3 e6 6. a3 a6 7. b4 dxc4 8. Bxc4
Bg4 9. h3 Bh5 10. g4 Bg6 11. Bb2 Be7 12. Nh4 b5 13. Nxg6 hxg6 14. Bd3 Nd5 15.
Nxb5 axb5 16. Bxb5 Nxb4 17. axb4 Bxb4+ 18. Ke2 O-O 19. Bxc6 Rxa1 20. Qxa1 Qd6
21. Rc1 Rd8 22. Rc4 Qe7 23. Bc3 Bd6 24. Qa4 Qh4 25. Bg2 Qf6 26. Bb4 Bh2 27. Qa3
Bd6 28. Bxd6 cxd6 29. Rc7 Rb8 30. Qc3 Kh7 31. Rb7 Ra8 32. Qb2 d5 33. Rb8 Ra7 34.
e4 Rd7 35. e5 Qe7 36. Qb4 Qxb4 37. Rxb4 g5 38. Kd2 Ra7 39. Bf1 g6 40. Ke3 Kg7
41. Rb3 Ra1 42. Bd3 Rh1 43. Rb1 Rxh3+ 44. Ke2 Rh2 45. Rg1 Rh8 46. Kd2 Rh2 47.
Ke3 Rh3+ 48. Rg3 Rh1 49. Be2 Ra1 50. f4 gxf4+ 51. Kxf4 Ra4 52. Rd3 Ra8 53. g5
Rh8 54. Rb3 Rh4+ 55. Bg4 Rh8 56. Rb7 Re8 57. Ke3 Kf8 58. Be2 Ra8 59. Kf4 Ra4 60.
Rb8+ Kg7 61. Ke3 Ra3+ 62. Bd3 Ra1 63. Rb4 Rg1 64. Kf4 Rd1 65. Be2 Rd2 66. Ke3
Ra2 67. Bb5 Ra3+ 68. Kf4 Ra2 69. Be8 Ra7 70. Ra4 Rc7 71. Ra6 Kh7 72. Bc6 Kg7 73.
Ke3 Rc8 74. Rb6 Rh8 75. Rb7 Rh1 76. Bd7 Kf8 77. Rb8+ Kg7 78. Be8 Rf1 79. Rb2 Kf8
80. Bd7 Rf5 81. Rf2 Rxg5 82. Bxe6 Rg3+ 83. Ke2 Ra3 84. Rxf7+ Ke8 85. Bxd5 g5
{Black resigns} 1-0  aics%